Map: Base du roi Sejong EC

Players

zidar - Winner!

  • Race: Zerg Zerg
  • League: Gold
  • Spawn Location: 11:00

Maverick

  • Race: Zerg Zerg
  • League: Silver
  • Spawn Location: 5:00

VOD

Have the link to the VOD?

Description

Time

  • Played on: May 30, 2016, 9:56 a.m.
  • Length: 5:05
Show
View Real Time Build Order
Export as new Build Order

zidar Zerg - Winner!

Build Orders: Pool First 

Get SALT Encoding   

  12  0:01  Drone  
  13  0:12  Overlord  
  13  0:18  Drone  
  14  0:26  Extractor, Drone  
  14  0:32  Drone  
  14  0:34  Drone  
  17  0:49  Spawning Pool  
  16  0:51  Drone  
  17  1:15  Hatchery  
  17  1:36  Zergling x2  
  17  1:37  Zergling x4  
  20  1:58  Queen  
  22  2:01  Overlord, Hatchery  
  22  2:03  Overlord  
  21  2:08  Extractor  
  20  2:20  Zergling x4  
  22  2:36  Zergling x2  
  21  2:52  Queen  
  23  2:59  Roach Warren  
  22  3:22  Overlord, Extractor  
  21  3:51  Roach x8  
  37  4:09  Drone  
  36  4:10  Drone x3  
  37  4:23  Roach  
  39  4:27  Drone  
  40  4:43  Drone x3  
Show
View Real Time Build Order
Export as new Build Order

Maverick Zerg 

Build Orders: Pool First 

Get SALT Encoding   

  12  0:01  Drone  
  13  0:24  Spawning Pool  
  13  0:27  Drone  
  13  0:30  Drone  
  14  0:41  Overlord  
  14  1:00  Drone x2  
  16  1:22  Spine Crawler  
  15  1:26  Spine Crawler  
  15  1:29  Zergling x4  
  15  1:32  Spine Crawler  
  15  1:45  Zergling x4  
  17  1:53  Extractor  
  16  1:56  Drone  
  16  1:57  Queen  
  19  2:05  Drone  
  20  2:13  Drone  
  21  2:36  Zergling x4  
  20  2:50  Drone  
  19  2:51  Hatchery  
  18  3:03  Baneling Nest  
  17  3:06  Drone  
  17  3:09  Drone  
  19  3:18  Drone  
  21  3:20  Drone  
  21  3:30  Metabolic Boost  
  21  3:33  Extractor  
  20  3:36  Drone  
  21  3:47  Baneling x2  
  21  3:48  Baneling  
  21  3:50  Zergling x2  
  20  4:20  Zergling x2  
  20  4:21  Overlord  
  21  4:24  Hatchery  
  21  4:27  Baneling x2  
  20  4:36  Drone  
  20  4:38  Overlord  
  21  4:46  Drone  
Tags
 
Add a new tag
Caveats
  • Supply blocks, unpowered buildings, or Contaminate may cause inaccurate times.
  • Supply counts are checked every 10 seconds.